[Event "Titled Tuesday Blitz July 26 Early 2022"]
[White "Skliarov, Viktor"]
[Black "Vovk, Orest"]
[WhiteFideId "14106736"]
[BlackFideId "14113490"]
[WhiteElo "2257"]
[BlackElo "2203"]
[Result "1-0"]
[Round "07"]
[TimeControl "180+1"]
[Date "2022.07.27"]
[WhiteClock "0:00:34"]
[BlackClock "0:00:02"]

1. e4 g5 2. d4 h6 3. h4 g4 4. h5 Bg7 5. Nc3 c5 6. Be3 cxd4 7. Bxd4 Bxd4 8. Qxd4 Rh7 9. O-O-O Nc6 10. Qe3 d6 11. Bc4 Nf6 12. Nge2 Qa5 13. Kb1 Be6 14. Nd5 Bxd5 15. exd5 Ne5 16. Bb3 Qc5 17. Qf4 a5 18. a4 Kf8 19. Nd4 Qb4 20. c3 Qb6 21. Ka2 Rc8 22. Nf5 Ng8 23. Ne3 Nf6 24. Qf5 Qc7 25. f4 gxf3 26. gxf3 Rg7 27. Rhg1 Qd7 28. Rxg7 Kxg7 29. Rg1+ Kh8 30. Qf4 Ng8 31. Nf5 f6 32. Nxh6 Qe8 33. Rxg8+ Qxg8 34. Nxg8 1-0


[Site "https://www.chess.com"]

[Event "Titled Tuesday Blitz July 26 Early 2022"]
[White "Sorkin, Igor"]
[Black "Cruz Mendez, Jean Marco"]
[WhiteFideId "2803283"]
[BlackFideId "3526402"]
[WhiteElo "2401"]
[BlackElo "2064"]
[Result "1-0"]
[Round "07"]
[TimeControl "180+1"]
[Date "2022.07.26"]
[WhiteClock "0:00:23"]
[BlackClock "0:00:20"]

1. d4 Nf6 2. Nf3 d5 3. Bf4 e6 4. e3 Bd6 5. Nbd2 Bxf4 6. exf4 Qd6 7. g3 b6 8. c3 O-O 9. h4 Ba6 10. Bxa6 Nxa6 11. Qe2 Nb8 12. O-O c5 13. Ne5 Nbd7 14. a3 Rac8 15. Qd3 Qc7 16. Rfe1 cxd4 17. Qxd4 Qc5 18. Nb3 Qxd4 19. Nxd4 Nxe5 20. fxe5 Ne4 21. Kg2 a6 22. a4 Rc7 23. a5 b5 24. Nc2 Nc5 25. Nb4 Ra8 26. f4 Kf8 27. f5 Ke7 28. g4 Kd7 29. Kf3 Kc8 30. h5 Kb7 31. Kf4 Rf8 32. h6 g6 33. Rf1 gxf5 34. gxf5 f6 35. fxe6 Nxe6+ 36. Kf5 Nc5 37. exf6 Rcf7 38. Nxd5 Kc6 39. Rad1 Nd7 40. Kg5 Rg8+ 41. Kf5 Rgf8 42. Rfe1 Rxf6+ 43. Nxf6 Rxf6+ 44. Kg5 Rg6+ 45. Kf5 Rf6+ 46. Kg4 Rg6+ 47. Kf3 Rxh6 48. Re7 Rf6+ 49. Kg2 Rg6+ 50. Kf2 Rf6+ 51. Ke2 Rd6 52. Rxd6+ Kxd6 53. Rxh7 Nc5 54. Rh6+ Kd5 55. b4 Ne4 56. Kd3 Nf2+ 57. Kc2 1-0


[Site "https://www.chess.com"]

[Event "Titled Tuesday Blitz July 26 Early 2022"]
[White "Tatarinov, Dmitry"]
[Black "Makovec, Bruno"]
[WhiteFideId "24160067"]
[BlackFideId "14536331"]
[WhiteElo "2302"]
[BlackElo "2316"]
[Result "1-0"]
[Round "07"]
[TimeControl "180+1"]
[Date "2022.07.26"]
[WhiteClock "0:00:06"]
[BlackClock "0:00:01"]

1. d4 Nf6 2. c4 e6 3. Nf3 d5 4. Nc3 dxc4 5. e4 b5 6. e5 Nd5 7. Nxb5 Nb6 8. Be2 Nc6 9. h4 Bb7 10. h5 h6 11. Rh4 Qd7 12. a4 Ne7 13. Rg4 Nf5 14. Nc3 a5 15. Kf1 Rd8 16. b3 Bb4 17. Bb2 cxb3 18. Qxb3 O-O 19. Rd1 Nd5 20. Ne4 Kh8 21. Kg1 Nb6 22. Nc5 Qd5 23. Qc2 Ba8 24. Bd3 Qc6 25. Be4 Nd5 26. Bxf5 exf5 27. Qxf5 Bxc5 28. dxc5 Ne7 29. Rxd8 Nxf5 30. Rxf8+ Kh7 31. Rxf7 Qe6 32. Rxc7 Bxf3 33. gxf3 Qb3 34. Kg2 Qxb2 35. c6 Qxe5 36. Rd7 Qe6 37. Rc7 1-0


[Site "https://www.chess.com"]

[Event "Titled Tuesday Blitz July 26 Early 2022"]
[White "Timofeev, Artyom"]
[Black "Hansen, Eric"]
[WhiteFideId "4140419"]
[BlackFideId "2606771"]
[WhiteElo "2578"]
[BlackElo "2568"]
[Result "0-1"]
[Round "07"]
[TimeControl "180+1"]
[Date "2022.07.26"]
[WhiteClock "0:00:27"]
[BlackClock "0:00:09"]

1. e4 c5 2. Nc3 Nc6 3. Nf3 d6 4. d4 cxd4 5. Nxd4 Nf6 6. Bg5 e6 7. Qd2 a6 8. O-O-O Bd7 9. f4 b5 10. Bxf6 gxf6 11. Kb1 Qb6 12. Nxc6 Bxc6 13. Bd3 Qc5 14. Rhe1 O-O-O 15. f5 h5 16. fxe6 fxe6 17. Rf1 Bh6 18. Qe1 Rhf8 19. a3 Kc7 20. Ne2 Bd7 21. Rf3 Kb8 22. Qh4 Bg5 23. Qe1 h4 24. Qa5 Bc8 25. c3 d5 26. Nd4 e5 27. Nb3 Qc7 28. Qxc7+ Kxc7 29. Rdf1 Bg4 30. R3f2 h3 31. gxh3 Bxh3 32. Rh1 Kb6 33. exd5 Rxd5 34. Bf5 Rh8 35. Bxh3 Rxh3 36. Rg1 Rdd3 37. Kc2 Rdf3 38. Rxf3 Rxf3 39. Rg2 Rh3 40. Nd2 Bxd2 41. Rxd2 Kc6 42. Rf2 Rh6 43. Kd3 Kd5 44. b3 Rh3+ 45. Kc2 Ke6 46. a4 bxa4 47. bxa4 e4 48. c4 Ke5 49. c5 f5 50. c6 Rh6 0-1


[Site "https://www.chess.com"]

[Event "Titled Tuesday Blitz July 26 Early 2022"]
[White "Toncheva, Nadya"]
[Black "Liu, Xiangyi"]
[WhiteFideId "2924056"]
[BlackFideId "8605718"]
[WhiteElo "1888"]
[BlackElo "2323"]
[Result "0-1"]
[Round "07"]
[TimeControl "180+1"]
[Date "2022.07.27"]
[WhiteClock "0:00:02"]
[BlackClock "0:00:11"]

1. d4 Nf6 2. c4 g6 3. Nc3 d5 4. cxd5 Nxd5 5. e4 Nxc3 6. bxc3 Bg7 7. Be3 O-O 8. Qd2 Nd7 9. h4 h5 10. Nf3 Nf6 11. Bd3 Ng4 12. Bg5 c5 13. d5 c4 14. Be2 Bd7 15. O-O Rc8 16. Rab1 b5 17. Nd4 Nf6 18. Qe3 Qa5 19. Rb2 Rfe8 20. Rfb1 a6 21. Bf3 e5 22. dxe6 Bxe6 23. Rd1 Qa3 24. Rbd2 b4 25. cxb4 c3 26. Rc2 Qxb4 27. Nxe6 Rxe6 28. Qd3 Ng4 29. Qd7 Rce8 30. e5 Nxe5 31. Qd5 Nc4 32. Qd7 Na3 33. Rcc1 c2 34. Rf1 Bb2 35. Bd5 R6e7 36. Bxe7 Qxe7 37. Qxe7 Rxe7 38. Bb3 Re2 39. Kh2 Kf8 40. Kg3 Rd2 41. Kf3 Bd4 42. Rce1 a5 43. Rc1 Rd3+ 44. Ke2 Rc3 45. Kd2 Nb1+ 46. Ke2 Na3 47. Kd2 Rc5 48. Ke2 Bb2 49. Kd3 Rc3+ 50. Kd2 Rc7 51. Bxc2 Bxc1+ 52. Rxc1 Nc4+ 53. Kd3 Ne5+ 54. Ke2 Rc4 55. Kd2 Rxh4 56. Bb3 Rh2 57. Rc8+ Kg7 58. Rc7 Rxg2 59. Ke2 h4 60. Kf1 h3 61. Bd5 Rg4 62. Ra7 h2 63. Rxa5 Rg1+ 64. Ke2 g5 65. Be4 Kf6 66. Ra6+ Kg7 67. Ra5 f6 68. a4 g4 69. Ra7+ Kg8 70. a5 Nf3 71. Bd5+ Kh8 72. Ra8+ Kg7 73. Rg8+ Kh7 74. Rxg4 Rxg4 75. Bxf3 Ra4 76. Kf1 Ra3 77. Bg2 Kh6 78. f3 Rxa5 79. Kf2 Ra2+ 80. Kg3 Kg5 81. Kxh2 Kf4 82. Kg1 Ra3 83. Kf2 Ra2+ 84. Kf1 Kg3 85. Bh1 Ra1+ 0-1


[Site "https://www.chess.com"]

[Event "Titled Tuesday Blitz July 26 Early 2022"]
[White "Tong, Hai Anh"]
[Black "Begunov, Konstantin"]
[WhiteFideId "12412805"]
[BlackFideId "4118510"]
[WhiteElo "1467"]
[BlackElo "2262"]
[Result "1/2-1/2"]
[Round "07"]
[TimeControl "180+1"]
[Date "2022.07.27"]
[WhiteClock "0:00:15"]
[BlackClock "0:00:09"]

1. d4 d5 2. c4 c6 3. Nf3 Nf6 4. Nc3 dxc4 5. a4 Bg4 6. Ne5 Bh5 7. f3 Nfd7 8. Nxc4 e5 9. e4 Qh4+ 10. g3 Qf6 11. Nxe5 Nxe5 12. dxe5 Qxf3 13. Qxf3 Bxf3 14. Rg1 Bc5 15. Bg2 Bxg1 16. Bxf3 Nd7 17. Bf4 Bd4 18. O-O-O Bxe5 19. Be3 Ke7 20. Bg4 Rhd8 21. Kc2 b6 22. Bg5+ Nf6 23. Re1 h6 24. Bxf6+ Kxf6 25. Nd1 Rd4 26. Ne3 Rad8 27. b3 Rd2+ 28. Kc1 g6 29. Be2 Bb2+ 30. Kb1 Bc3 31. Rf1+ Ke7 32. Bc4 f6 33. Kc1 Rxh2 34. Nd1 Bb4 35. e5 fxe5 36. Rf7+ Ke8 37. Rxa7 Rdd2 38. Ne3 Ba3+ 39. Kb1 Rh1+ 40. Nf1 Rf2 41. Ra8+ Ke7 42. Rg8 Kd6 43. Rxg6+ Kc5 44. Re6 Kd4 45. Rxc6 Rfxf1+ 46. Bxf1 Rxf1+ 47. Ka2 Bc5 48. Rxh6 e4 49. b4 Rf2+ 50. Kb3 Be7 51. Rxb6 e3 52. Re6 Bg5 53. a5 e2 54. a6 Bd2 55. a7 Rf8 56. Rxe2 Kd3 57. Re7 Kd4 58. b5 Kc5 59. Ka4 Kb6 60. Rd7 Be1 61. Re7 Bc3 62. Kb3 Bd2 63. Kc4 Ra8 64. Rd7 Ba5 65. Rd6+ Kxa7 66. Ra6+ Kb7 67. Rxa8 Kxa8 68. Kc5 Bd8 69. g4 Kb7 70. Kd6 Bg5 71. Kc5 Kc7 72. b6+ Kb7 73. Kd5 Bh4 74. Ke5 Kxb6 75. Kf5 Kc6 76. Kg6 Kd6 77. Kh5 Bf2 78. g5 Ke7 79. Kh6 Kf8 80. Kh7 Bd4 81. g6 Bg7 1/2-1/2


[Site "https://www.chess.com"]

[Event "Titled Tuesday Blitz July 26 Early 2022"]
[White "Vachylia, Andrii"]
[Black "Srihari L R"]
[WhiteFideId "14137224"]
[BlackFideId "46617116"]
[WhiteElo "2318"]
[BlackElo "2170"]
[Result "0-1"]
[Round "07"]
[TimeControl "180+1"]
[Date "2022.07.26"]
[WhiteClock "0:00:03"]
[BlackClock "0:00:41"]

1. e4 Nf6 2. Nc3 d6 3. d4 e5 4. Nf3 Nbd7 5. Bc4 Be7 6. O-O O-O 7. a4 c6 8. Qe2 a5 9. Rd1 Qc7 10. Be3 h6 11. Nh4 Re8 12. dxe5 Nxe5 13. Bb3 Nfg4 14. Nf5 Bxf5 15. exf5 d5 16. Bf4 Bd6 17. h3 Nf6 18. Rab1 Nc4 19. Bxd6 Nxd6 20. Qd3 Qb6 21. Re1 Qb4 22. Re2 Rxe2 23. Qxe2 Re8 24. Qd3 Qf4 25. g4 h5 26. Ne2 Qg5 27. f4 Qh4 28. g5 Nfe4 29. Rf1 Nxf5 30. c4 g6 31. cxd5 Nc5 32. Qc4 Nxb3 33. dxc6 bxc6 34. Qxc6 Rxe2 35. Qc8+ Kh7 36. Qc3 Qg3+ 0-1


[Site "https://www.chess.com"]

[Event "Titled Tuesday Blitz July 26 Early 2022"]
[White "Vifleemskaia, Svetlana"]
[Black "Wieczorek, Oskar"]
[WhiteFideId "4129490"]
[BlackFideId "1133950"]
[WhiteElo "1929"]
[BlackElo "2330"]
[Result "0-1"]
[Round "07"]
[TimeControl "180+1"]
[Date "2022.07.26"]
[WhiteClock "0:00:16"]
[BlackClock "0:00:43"]

1. d4 Nf6 2. c4 c5 3. d5 b5 4. Nd2 bxc4 5. e4 c3 6. bxc3 d6 7. c4 g6 8. Bb2 Bg7 9. Ngf3 O-O 10. Bd3 Na6 11. a3 Rb8 12. Bc3 e5 13. dxe6 fxe6 14. O-O e5 15. h3 Nc7 16. Kh2 Ne6 17. g3 Nd4 18. Bxd4 cxd4 19. Rb1 Rxb1 20. Qxb1 Qd7 21. Ng1 Qa4 22. Qb3 Qc6 23. c5+ Kh8 24. cxd6 Qxd6 25. Nc4 Qe6 26. Qb4 Ba6 27. Nxe5 Qxe5 28. Bxa6 Nxe4 29. Kg2 Rxf2+ 30. Rxf2 Qxg3+ 0-1


[Site "https://www.chess.com"]

[Event "Titled Tuesday Blitz July 26 Early 2022"]
[White "Vivekananthan, Anish"]
[Black "Kozin, Yuri"]
[WhiteFideId "2090775"]
[BlackFideId "4129920"]
[WhiteElo "2730"]
[BlackElo "2533"]
[Result "1/2-1/2"]
[Round "07"]
[TimeControl "180+1"]
[Date "2022.07.27"]
[WhiteClock "0:00:14"]
[BlackClock "0:00:14"]

1. e4 c5 2. Nf3 e6 3. g3 a6 4. Bg2 d6 5. O-O Nf6 6. Re1 Qc7 7. Nc3 Be7 8. e5 dxe5 9. Nxe5 O-O 10. d3 Nbd7 11. Bf4 Bd6 12. Nxd7 Bxd7 13. Bg5 Be7 14. Ne4 Nd5 15. Bxe7 Nxe7 16. Qh5 Rac8 17. a4 b6 18. b3 Bc6 19. Bh3 h6 20. Re2 Rcd8 21. Nc3 Nd5 22. Nxd5 Rxd5 23. Qh4 Re5 24. Qf4 f6 25. Bxe6+ Kh8 26. Rxe5 Qxe5 27. Qxe5 fxe5 28. Re1 Re8 29. Bf7 Re7 30. Bg6 Re6 31. Bf5 Re8 32. f4 exf4 33. Rxe8+ Bxe8 34. gxf4 g5 35. fxg5 hxg5 36. Kf2 Kg7 37. a5 bxa5 38. Bc8 a4 39. bxa4 Bxa4 40. c3 a5 41. Ke3 Bb3 42. Kd2 a4 43. d4 a3 44. Kc1 cxd4 45. cxd4 Kf6 46. Bg4 Ke7 47. Bf5 Kd6 48. Be4 Ke6 49. Kb1 Bd5 50. Bd3 Kd6 51. Kc2 Kc6 52. Kc3 Kb6 53. Bf5 Ka5 54. Bd7 a2 55. Kb2 Kb4 56. Bg4 Bc4 57. Bf3 Kb5 58. Be4 Kb6 59. Bf3 Kc7 60. Be4 Kd6 61. Ka1 Ke6 62. Kb2 Kf6 63. Ka1 g4 64. Bg2 Kg5 65. Kb2 Kf4 66. Bh1 Ke3 67. d5 Kf2 68. d6 Be6 69. Bd5 Bd7 70. Kxa2 Kg1 71. Kb2 Kxh2 72. Kc3 g3 73. Kd4 g2 74. Bxg2 Kxg2 75. Ke5 Kf3 76. Kf6 Ke4 77. Ke7 Bb5 78. d7 Bxd7 1/2-1/2


[Site "https://www.chess.com"]

[Event "Titled Tuesday Blitz July 26 Early 2022"]
[White "Vlassov, Nikolai"]
[Black "Vagman, Roy"]
[WhiteFideId "4103360"]
[BlackFideId "2828995"]
[WhiteElo "2324"]
[BlackElo "1956"]
[Result "1-0"]
[Round "07"]
[TimeControl "180+1"]
[Date "2022.07.27"]
[WhiteClock "0:00:14"]
[BlackClock "0:00:03"]

1. e4 e5 2. Bc4 Nf6 3. d3 Nc6 4. Nf3 Bc5 5. Bg5 h6 6. Bh4 g5 7. Bg3 d6 8. Nfd2 Bg4 9. f3 Be6 10. Nc3 Nh5 11. Nd5 Nf4 12. Nxf4 gxf4 13. Bf2 Qg5 14. g3 O-O-O 15. c3 Rhg8 16. Rg1 Qh5 17. Qe2 Qxh2 18. Bxe6+ fxe6 19. Bxc5 Qxe2+ 20. Kxe2 dxc5 21. g4 Rd7 22. Nb3 b6 23. Rh1 Rg6 24. Rh5 Rf7 25. Rah1 Rff6 26. Nd2 b5 27. Nb3 c4 28. dxc4 bxc4 29. Nd2 Kd7 30. Nxc4 Rg5 31. Rxh6 Rxh6 32. Rxh6 Rg7 33. Rh5 Ke7 34. b4 a6 35. a4 Kf6 36. Rh6+ Ke7 37. b5 axb5 38. axb5 Na7 39. Nxe5 Nxb5 40. Ng6+ Kf7 41. Nxf4 Nxc3+ 42. Kd3 Nb5 43. Nxe6 Rg8 44. Ke3 Ra8 45. Nxc7 Ra3+ 46. Kf4 Nd4 47. Rh3 Ne2+ 48. Kg5 Ng1 49. Rh7+ Kg8 50. Rd7 Nxf3+ 51. Kf4 Nh4 52. Nd5 Rf3+ 53. Kg5 Rh3 54. Nf6+ Kf8 55. e5 Nf3+ 56. Kf4 Nh4 57. e6 Rf3+ 58. Kg5 Rxf6 59. Kxf6 Ke8 60. Rh7 Ng2 61. Rh8# 1-0


[Site "https://www.chess.com"]

[Event "Titled Tuesday Blitz July 26 Early 2022"]
[White "Wagner, Dennis"]
[Black "Hakobyan, Aram"]
[WhiteFideId "24650684"]
[BlackFideId "13306677"]
[WhiteElo "2355"]
[BlackElo "2557"]
[Result "1-0"]
[Round "07"]
[TimeControl "180+1"]
[Date "2022.07.26"]
[WhiteClock "0:00:23"]
[BlackClock "0:00:31"]

1. e4 c6 2. d4 g6 3. Nd2 Bg7 4. Ngf3 d6 5. Bd3 Nf6 6. O-O O-O 7. c3 Nbd7 8. Re1 e5 9. a4 Re8 10. a5 Qc7 11. h3 Nf8 12. dxe5 dxe5 13. Nc4 Nh5 14. b4 Ne6 15. Bf1 Nef4 16. Qd6 Qxd6 17. Nxd6 Rd8 18. Nxc8 Raxc8 19. Be3 a6 20. Red1 Ne6 21. Bb6 Rxd1 22. Rxd1 Nf6 23. Bc4 Nxe4 24. Rd7 Nxc3 25. Rxb7 e4 26. Nd2 Nb5 27. Bxe6 fxe6 28. Nxe4 Rf8 29. Nc5 Be5 30. Nxa6 Rf4 31. g3 Rc4 32. Bc5 Nc3 33. Nb8 Ne4 34. Nd7 Nxc5 35. Nxc5 Rc1+ 36. Kg2 Ra1 37. a6 Bd4 38. a7 Ra2 39. Kf3 e5 40. Rb8+ Kg7 41. a8=Q Rxf2+ 42. Ke4 Re2+ 43. Kd3 Re3+ 44. Kd2 Rf3 45. Qxc6 Rf2+ 46. Kd3 Rf6 47. Rb7+ Kh6 48. Qxf6 e4+ 49. Kxd4 1-0


[Site "https://www.chess.com"]

[Event "Titled Tuesday Blitz July 26 Early 2022"]
[White "Yeremyan, Alen"]
[Black "Bilan, Danila"]
[WhiteFideId "13308998"]
[BlackFideId "24161918"]
[WhiteElo "2158"]
[BlackElo "2164"]
[Result "1-0"]
[Round "07"]
[TimeControl "180+1"]
[Date "2022.07.27"]
[WhiteClock "0:00:57"]
[BlackClock "0:00:03"]

1. e4 c6 2. Nc3 d5 3. Qe2 d4 4. Nd1 e5 5. d3 g6 6. g3 Bg7 7. f4 Nf6 8. Nf3 Nbd7 9. Bg2 c5 10. O-O O-O 11. f5 b5 12. h3 gxf5 13. exf5 Bb7 14. Ng5 Bxg2 15. Qxg2 Nb6 16. Nf2 Nbd5 17. Nfe4 c4 18. Kh1 Rc8 19. g4 cxd3 20. cxd3 h6 21. Nxf6+ Nxf6 22. Ne4 Nxe4 23. Qxe4 Qh4 24. Qg2 Bf6 25. Bd2 Kh8 26. Rac1 Rg8 27. Rxc8 Rxc8 28. b3 Kh7 29. a4 bxa4 30. bxa4 Rg8 31. Rg1 Be7 32. Kh2 Qf6 33. Qe4 Rc8 34. g5 hxg5 35. Rxg5 Rc2 36. Rh5+ Kg8 37. Qa8+ Bf8 38. Qg2+ Qg7 39. Rg5 f6 40. Rxg7+ Bxg7 41. Kg1 Kh7 42. Qg6+ Kg8 43. Bh6 Rc7 44. Kf1 Kf8 45. Bxg7+ Rxg7 46. Qxf6+ 1-0


[Site "https://www.chess.com"]

[Event "Titled Tuesday Blitz July 26 Early 2022"]
[White "Yuan, Qingyu"]
[Black "Harsh Suresh"]
[WhiteFideId "8609772"]
[BlackFideId "45018464"]
[WhiteElo "2359"]
[BlackElo "2059"]
[Result "0-1"]
[Round "07"]
[TimeControl "180+1"]
[Date "2022.07.26"]
[WhiteClock "0:00:01"]
[BlackClock "0:00:16"]

1. e4 c6 2. Nf3 d5 3. Nc3 Bg4 4. h3 Bxf3 5. Qxf3 e6 6. Be2 Nd7 7. d4 dxe4 8. Nxe4 Ngf6 9. Nd2 Bd6 10. Nc4 Bc7 11. O-O Nb6 12. Na5 Rb8 13. c3 Qd5 14. Nb3 Qxf3 15. Bxf3 Nbd7 16. a4 O-O 17. a5 a6 18. Bd2 h6 19. Rfe1 Rfe8 20. c4 e5 21. Bc3 exd4 22. Bxd4 Be5 23. Kf1 Rbd8 24. Rad1 Bxd4 25. Rxd4 Kf8 26. Red1 Ke7 27. Re1+ Kf8 28. Red1 Ke7 29. Be2 g5 30. f4 c5 31. R4d3 gxf4 32. Bf3 Rb8 33. Re1+ Kf8 34. Rxe8+ Kxe8 35. Rd1 b6 36. Bc6 Ke7 37. Kf2 bxa5 38. Rd3 Ne5 39. Rc3 Nxc6 40. Nxc5 Rxb2+ 41. Kg1 Kd6 42. Nd3 Rb1+ 43. Kh2 Ne4 44. Ra3 Rf1 45. Ra2 h5 46. h4 Ne5 47. Nxe5 Kxe5 48. Re2 Kf5 49. g4+ fxg3+ 0-1


[Site "https://www.chess.com"]

[Event "Titled Tuesday Blitz July 26 Early 2022"]
[White "Zemlyanskii, Ivan"]
[Black "Raja Harshit"]
[WhiteFideId "24249971"]
[BlackFideId "5089000"]
[WhiteElo "1815"]
[BlackElo "2338"]
[Result "0-1"]
[Round "07"]
[TimeControl "180+1"]
[Date "2022.07.26"]
[WhiteClock "0:00:23"]
[BlackClock "0:00:36"]

1. d4 Nf6 2. c4 g6 3. h4 Nc6 4. Nc3 d6 5. Nf3 Bg7 6. e4 O-O 7. d5 Nb4 8. Be2 Na6 9. Nd4 Nc5 10. Bf3 e5 11. Nc2 a5 12. Bg5 Qe8 13. h5 Ncd7 14. hxg6 fxg6 15. Qd2 h5 16. O-O-O Qf7 17. Ne3 Nc5 18. Rdg1 Nh7 19. Bh4 g5 20. Bg3 g4 21. Be2 Ng5 22. Qc2 Qg6 23. f3 Rf4 24. Bxf4 exf4 25. Nf5 Bxf5 26. exf5 Qf6 27. fxg4 hxg4 28. Bxg4 a4 29. a3 Qd4 30. f6 Qxf6 31. Be6+ Ncxe6 32. dxe6 Qxe6 33. Nd5 c6 34. Nb6 Qe3+ 35. Kb1 Qxb6 36. Rd1 Ne4 37. Ka1 Qb3 38. Qd3 Qxb2# 0-1


[Site "https://www.chess.com"]

[Event "Titled Tuesday Blitz July 26 Early 2022"]
[White "Al-Tarboush, Ward"]
[Black "Buscar, Michael"]
[WhiteFideId "7601450"]
[BlackFideId "2603616"]
[WhiteElo "2231"]
[BlackElo "2010"]
[Result "1-0"]
[Round "08"]
[TimeControl "180+1"]
[Date "2022.07.27"]
[WhiteClock "0:00:13"]
[BlackClock "0:00:01"]

1. e4 c6 2. Nf3 d6 3. Nc3 e5 4. d4 Nd7 5. Bc4 Be7 6. O-O Ngf6 7. Re1 O-O 8. a4 a5 9. Bg5 Qc7 10. Qd2 Re8 11. Rad1 Nf8 12. h3 Be6 13. d5 Bd7 14. Ba2 c5 15. Qe2 Ng6 16. Nb5 Qb6 17. Bc4 h6 18. Bxf6 Bxf6 19. Nh2 Nf4 20. Qf3 Be7 21. Ng4 Rf8 22. Ne3 Qd8 23. Nf5 Bxb5 24. Bxb5 Kh7 25. Kh2 g6 26. Ne3 Nh5 27. g3 Bg5 28. Nc4 Ng7 29. h4 Be7 30. Ne3 f5 31. exf5 gxf5 32. Nxf5 Nxf5 33. Bd3 Qd7 34. g4 Bxh4 35. Bxf5+ Rxf5 36. Qxf5+ Qxf5 37. gxf5 Bxf2 38. Re2 Bh4 39. Re4 Bg5 40. c3 Kg7 41. Ra1 Kf6 42. b4 axb4 43. cxb4 Kxf5 44. Rc4 b5 45. Rc2 Bf4+ 46. Kh3 bxa4 47. bxc5 dxc5 48. Rxc5 a3 49. Rc7 e4 50. Rf7+ Ke5 51. d6 Bg5 52. d7 Ke6 53. Rg7 a2 54. Kg4 Bf6 55. Rg6 1-0


[Site "https://www.chess.com"]

[Event "Titled Tuesday Blitz July 26 Early 2022"]
[White "Ambartsumova, Karina"]
[Black "Vifleemskaia, Svetlana"]
[WhiteFideId "4166299"]
[BlackFideId "4129490"]
[WhiteElo "2262"]
[BlackElo "1929"]
[Result "1-0"]
[Round "08"]
[TimeControl "180+1"]
[Date "2022.07.27"]
[WhiteClock "0:00:07"]
[BlackClock "0:00:06"]

1. Nf3 Nf6 2. g3 b5 3. Bg2 Bb7 4. O-O e6 5. a4 b4 6. d4 a5 7. c4 d6 8. b3 Be7 9. Bb2 O-O 10. Nbd2 c5 11. e3 Nbd7 12. Qe2 Ne4 13. Rac1 Qc7 14. Rfd1 f5 15. Nxe4 Bxe4 16. Ne1 Bxg2 17. Nxg2 Nf6 18. Nf4 Qc8 19. d5 e5 20. Ne6 Rf7 21. Qd3 Ne4 22. h4 g6 23. Kg2 h6 24. f3 Nf6 25. h5 e4 26. fxe4 fxe4 27. Qe2 Nxh5 28. Qg4 Kh7 29. Rf1 Bf6 30. Qxe4 Qg8 31. Bxf6 Nxf6 32. Qh4 g5 33. Qh3 Re8 34. Qf5+ Qg6 35. e4 Ree7 36. Rf2 Nxe4 37. Nf8+ Rxf8 38. Qxg6+ Kxg6 39. Rxf8 Nc3 40. Rcf1 Re2+ 41. R1f2 Re3 42. R8f6+ Kh5 43. Kh3 g4+ 44. Kg2 Ne4 45. R2f5+ Ng5 46. Rxd6 Rxb3 47. Rff6 Ne4 48. Rxh6+ Kg5 49. Rdg6+ Kf5 50. d6 Ke5 51. Re6+ Kd4 52. d7 Ke3 53. Rxe4+ 1-0


[Site "https://www.chess.com"]

[Event "Titled Tuesday Blitz July 26 Early 2022"]
[White "Bortnyk, Olexandr"]
[Black "Wagner, Dennis"]
[WhiteFideId "14120828"]
[BlackFideId "24650684"]
[WhiteElo "2723"]
[BlackElo "2355"]
[Result "1-0"]
[Round "08"]
[TimeControl "180+1"]
[Date "2022.07.26"]
[WhiteClock "0:01:18"]
[BlackClock "0:00:02"]

1. d4 Nf6 2. Nc3 d5 3. Bf4 c5 4. e4 Nxe4 5. Nxe4 dxe4 6. d5 Nd7 7. Ne2 g6 8. Nc3 Bg7 9. Nb5 O-O 10. Bc7 Qe8 11. Bg3 Qd8 12. Qd2 Bxb2 13. Rb1 Bg7 14. h4 h5 15. Bc7 Qe8 16. Bf4 Qd8 17. Bc7 Qe8 18. Ba5 b6 19. Nc7 Qd8 20. Nxa8 bxa5 21. Be2 Ne5 22. d6 exd6 23. Qg5 Bf6 24. Qf4 Kg7 25. Rd1 Bg4 26. Bxg4 hxg4 27. h5 Bg5 28. h6+ Kh7 29. Qxe4 Re8 30. Kf1 Nf3 31. Qxg4 Nd2+ 32. Kg1 f5 33. Qa4 Qxa8 34. Rh3 Re7 35. Rg3 Ne4 36. Rxg5 Nxg5 37. Qh4 1-0


[Site "https://www.chess.com"]

[Event "Titled Tuesday Blitz July 26 Early 2022"]
[White "Bryakin, Mikhail"]
[Black "Chen, Justin"]
[WhiteFideId "4165314"]
[BlackFideId "2098199"]
[WhiteElo "2422"]
[BlackElo "2289"]
[Result "0-1"]
[Round "08"]
[TimeControl "180+1"]
[Date "2022.07.26"]
[WhiteClock "0:00:20"]
[BlackClock "0:00:04"]

1. e4 e5 2. d4 exd4 3. Qxd4 Nc6 4. Qd3 Nf6 5. Nc3 Bb4 6. Bd2 O-O 7. O-O-O Re8 8. Nge2 d6 9. Bg5 h6 10. Bxf6 Qxf6 11. Nd5 Qd8 12. Nxb4 Nxb4 13. Qd2 a5 14. Nc3 Be6 15. a3 Na6 16. Bb5 Re7 17. f4 Nc5 18. Rhg1 Bd7 19. Bxd7 Qxd7 20. Rde1 b5 21. e5 b4 22. Nd5 Ree8 23. exd6 bxa3 24. bxa3 Qxd6 25. Nc3 Qc6 26. Qd5 Qb6 27. Rxe8+ Rxe8 28. Rd1 Ne6 29. g3 Qe3+ 30. Qd2 Qc5 31. Nb1 Rb8 32. Qd3 Qb6 33. Nc3 Qb2+ 34. Kd2 Rd8 35. Nd5 c6 36. Ke2 Rxd5 37. Qc4 Rxd1 38. Kxd1 Qxa3 39. Qxc6 Qc5 40. Qa8+ Kh7 41. Qe4+ g6 42. Qb7 Kg7 43. f5 Qxf5 44. Kc1 Qe5 45. Qa8 Qc3 46. Qd5 Qe1+ 47. Kb2 Qb4+ 48. Kc1 Qc5 49. Qe4 Qd4 50. Qa8 a4 51. Kb1 Nc5 52. Qa7 Qb4+ 53. Kc1 Qe1+ 54. Kb2 Qb4+ 55. Kc1 Qc4 56. Kb2 Qb5+ 57. Kc1 Ne6 58. Kd2 Qb4+ 59. Kc1 a3 60. Qa8 Qb2+ 61. Kd2 a2 0-1


[Site "https://www.chess.com"]

[Event "Titled Tuesday Blitz July 26 Early 2022"]
[White "Cruz Mendez, Jean Marco"]
[Black "Tanaka, Taira Tyler"]
[WhiteFideId "3526402"]
[BlackFideId "7002351"]
[WhiteElo "2064"]
[BlackElo "2515"]
[Result "1-0"]
[Round "08"]
[TimeControl "180+1"]
[Date "2022.07.27"]
[WhiteClock "0:00:49"]
[BlackClock "0:00:04"]

1. e4 c6 2. Ne2 d5 3. e5 Bf5 4. Ng3 Bg6 5. h4 h6 6. h5 Bh7 7. e6 fxe6 8. d4 Qd6 9. Bd3 Bxd3 10. Qxd3 Nd7 11. Qg6+ Kd8 12. f4 Rc8 13. O-O Ngf6 14. Nd2 Kc7 15. Nf3 Kb8 16. Ne5 Qc7 17. Be3 Qb6 18. b3 Qc7 19. Rae1 Rg8 20. Qf7 Ka8 21. Ng6 Qa5 22. a4 Qc3 23. Re2 c5 24. dxc5 d4 25. Bf2 Nxc5 26. Rd1 d3 27. cxd3 Qxb3 28. Rc1 Qxd3 29. Rec2 b6 30. a5 Kb7 31. axb6 axb6 32. Ne2 Rc7 33. Nxf8 Qd5 34. Ng6 Ra8 35. Ne5 Ra4 36. Qg6 Re4 37. Nc3 Qd3 38. Nxe4 Qxe4 39. Qxe4+ Ncxe4 40. Rxc7+ 1-0


[Site "https://www.chess.com"]

[Event "Titled Tuesday Blitz July 26 Early 2022"]
[White "Derjabin, Ilja"]
[Black "Maksimenko, Viktor"]
[WhiteFideId "14104768"]
[BlackFideId "13710478"]
[WhiteElo "2341"]
[BlackElo "2269"]
[Result "1-0"]
[Round "08"]
[TimeControl "180+1"]
[Date "2022.07.27"]
[WhiteClock "0:00:08"]
[BlackClock "0:00:03"]

1. d4 Nf6 2. c4 e6 3. Nc3 Bb4 4. a3 Bxc3+ 5. bxc3 O-O 6. f3 Ne8 7. e4 c5 8. Bd3 Nc6 9. Ne2 b6 10. O-O Ba6 11. e5 Na5 12. f4 f5 13. g4 Bxc4 14. Bxc4 Nxc4 15. gxf5 Rxf5 16. Ng3 Rf7 17. Ra2 g6 18. Ne4 d5 19. Ng5 Re7 20. Qg4 Ng7 21. Rg2 Qf8 22. Nxh7 Kxh7 23. Qxg6+ Kg8 24. f5 exf5 25. Bh6 Qf7 26. Qc6 Qe6 27. Qxa8+ Kh7 28. Qf8 Qxh6 29. Qxe7 Ne3 30. Rxg7+ Qxg7+ 31. Qxg7+ Kxg7 32. Rf3 cxd4 33. cxd4 Nc2 34. Rd3 b5 35. Kf2 a5 36. Ke2 f4 37. Kf3 b4 38. axb4 Ne1+ 39. Ke2 Nxd3 40. bxa5 Nb4 41. Kf3 Nc6 42. Kxf4 Nxd4 43. a6 Nc6 44. Kf5 Kf7 45. h4 Ke7 46. h5 Kf7 47. h6 d4 48. Ke4 Kg6 49. e6 d3 50. Ke3 Kxh6 51. a7 d2 52. Kxd2 Nxa7 53. e7 Nc6 54. e8=Q Nd4 55. Qh8+ Kg6 56. Qxd4 1-0


[Site "https://www.chess.com"]